 Dungeon Crawl Stone Soup version 0.28.0-53-g5a82cb258f (webtiles) character file.

Game seed: 1975612478330021414

8467 SanguineChosen the Cleaver (level 11, -2/99 HPs)
             Began as a Minotaur Berserker on Aug 7, 2022.
             Was a High Priest of Trog.
             Hit by a javelin thrown by Urug (6 damage)
             ... on level 10 of the Dungeon.
             The game lasted 00:46:14 (10208 turns).

SanguineChosen the Cleaver (Minotaur Berserker)    Turns: 10208, Time: 00:46:14

Health: -2/99      AC: 19    Str: 26    XL:     11   Next: 10%
Magic:  10/10      EV: 10    Int:  4    God:    Trog [*****.]
Gold:   465        SH:  0    Dex: 10    Spells: 10/10 levels left

rFire   . . .      SeeInvis .   n - +6 flail (drain)
rCold   . . .      Faith    .   (no shield)
rNeg    . . .      Spirit   .   c - +1 chain mail
rPois   .          Reflect  .   (helmet restricted)
rElec   .          Harm     .   v - +2 cloak
rCorr   .          Rampage  .   p - +1 Delatra's gloves {ID++}
Will    ++...                   (no boots)
Stlth   ..........              (no amulet)
HPRegen 1.26/turn               (no ring)
MPRegen 0.12/turn               (no ring)

@: strong-willed, regenerating, hasted, very quick
A: horns 2, retaliatory headbutt
a: Renounce Religion, Berserk, Trog's Hand, Brothers in Arms


You were on level 10 of the Dungeon.
You worshipped Trog.
Trog was extremely pleased with you.
You visited 1 branch of the dungeon, and saw 10 of its levels.
You also visited: Ossuary.

You collected 465 gold pieces.

Inventory:

Hand Weapons
 a - a +2 vorpal hand axe
 m - a +2 war axe of venom
 n - a +6 flail of draining (weapon)
 u - a +0 broad axe
 E - a +1 dire flail
Missiles
 g - 2 boomerangs of dispersal
 o - 8 poisoned darts (quivered)
 A - 2 throwing nets
Armour
 c - a +1 chain mail (worn)
 h - a +0 troll leather armour
 p - the +1 Delatra's gloves (worn) {ID++}
   (You found it on level 5 of the Dungeon)

   It heals its wearer when they drink unknown potions.
   It restores its wearer's MP when they read unknown scrolls.
 v - a +2 cloak (worn)
Jewellery
 b - an amulet of faith
 y - a ring of fire
Wands
 i - a wand of iceblast (7)
 j - a wand of flame (26)
 D - a wand of digging (7)
Scrolls
 f - 3 scrolls of enchant armour
 r - 3 scrolls of identify
 s - a scroll of fog
 x - a scroll of teleportation
 B - a scroll of blinking
Potions
 d - 2 potions of berserk rage
 e - a potion of haste
 k - a potion of heal wounds
 l - a potion of flight {unknown}
 q - 2 potions of lignification
 t - a potion of ambrosia {unknown}
 w - 2 potions of invisibility
 z - a potion of might {unknown}
 C - a potion of mutation {unknown}


   Skills:
 + Level 10.0 Fighting
 + Level 14.3 Axes
 + Level 11.3 Armour
 + Level 4.5 Dodging
 + Level 1.0 Evocations


You had 10 spell levels left.
You didn't know any spells.
Your spell library was empty.

Dungeon Overview and Level Annotations

Branches:
Dungeon (10/15)            Temple (0/1) D:6            Lair (0/6) D:9
Ossuary (visited)
    Orc: D:9-12

Altars:
Hepliaklqana
Makhleb
Ru
Sif Muna
Yredelemnul
The Shining One

Shops:
D:4 :   D:5 *   D:9 :

Annotations:
D:9 exclusion: ice statue
D:10 Urug


Innate Abilities, Weirdness & Mutations

You have a pair of horns on your head.
You reflexively headbutt those who attack you in melee.


Message History

Press: ? - help, Q - select action, (/) - cycle Shift-Dir - straight line, f - Urug
Aim: Urug, wielding a +7 glaive, wearing a +0 chain mail and quivering javelins (58% to hit)
You throw a poisoned dart. The poisoned dart barely misses Urug.
Throw: 10 darts (poison)
Press: ? - help, Q - select action, (/) - cycle Shift-Dir - straight line, f/p - Urug
Aim: Urug, wielding a +7 glaive, wearing a +0 chain mail and quivering javelins (58% to hit)
You throw a poisoned dart. The poisoned dart barely misses Urug.
Throw: 9 darts (poison)
Press: ? - help, Q - select action, (/) - cycle Shift-Dir - straight line, f/p - Urug
Aim: Urug, wielding a +7 glaive, wearing a +0 chain mail and quivering javelins (58% to hit)
You throw a poisoned dart. The poisoned dart closely misses Urug.
Urug screams, "Payback for my eye!"
Your skin crawls.
You feel strong-willed.
Urug hits you from afar with a +7 glaive!!
Urug hits you with a +7 glaive.
You hit Urug but do no damage. Urug completely misses you.
You closely miss Urug. You headbutt Urug.
Urug is lightly wounded.
Urug barely misses you.
Urug throws a javelin.
The javelin pierces through you!
There is a stone staircase leading up, spattered with blood here.
Found a chain mail.
Urug hits you with a +7 glaive!
You closely miss Urug.
Urug is lightly wounded.
Urug hits you with a +7 glaive!
You closely miss Urug.
Urug is lightly wounded.
Urug hits you with a +7 glaive!!
* * * LOW HITPOINT WARNING * * *
You feel much better. Urug hits you with a +7 glaive!!
* * * LOW HITPOINT WARNING * * *
You feel much better. Urug hits you with a +7 glaive!!
You feel yourself speed up. Urug hits you with a +7 glaive!
* * * LOW HITPOINT WARNING * * *
Urug hits you from afar with a +7 glaive!!
* * * LOW HITPOINT WARNING * * *
Urug throws a javelin.
The javelin pierces through you.
You die...

.## .# ...# .#
#...# ##.#
#...##..# #......#
#...<.####
##...$...##.
#...@.......
##......#####
##.......###
#####..........#.
##........o........
.........<......(..
.[.................
.........##+##..#..
###....### #.##.


You could see Urug.

Vanquished Creatures
  A hydra (D:9)
  A two-headed ogre (D:6)
  Pikel (D:7)
  A cyclops (D:10)
  A komodo dragon (D:9)
  2 trolls (D:9)
  6 yaks (D:9)
  A steam dragon (D:9)
  6 wyverns
  A basilisk (D:9)
  Edmund (D:4)
  A water moccasin (D:5)
  3 orc warriors
  2 ice beasts
  2 centaurs
  3 ogres
  A necrophage (D:5)
  A phantom (D:5)
  A lemure (D:7)
  2 kobold brigands (D:8)
  3 bullfrogs
  A gnoll sergeant (D:8)
  A water moccasin skeleton (D:7)
  A wyvern skeleton (D:7)
  16 killer bees (D:9)
  3 wights (D:7)
  2 howler monkeys
  5 centaur zombies
  A bullfrog zombie (D:6)
  2 hounds
  A jelly (D:6)
  2 orc priests
  A human zombie (Ossuary)
  A centaur skeleton (D:5)
  4 iguanas
  5 orc wizards
  3 scorpion zombies (D:4)
  A hound skeleton (D:5)
  2 howler monkey zombies
  3 mummies
  4 adders
  11 gnolls
  A white imp (D:7)
  3 ufetubi (D:5)
  4 adder zombies (Ossuary)
  3 worms
  3 dart slugs
  32 orcs
  5 bats
  9 endoplasms
  A giant cockroach (D:2)
  5 goblins
  5 hobgoblins
  6 jackals
  13 kobolds
  3 quokkas
  5 ball pythons
  2 frilled lizards
  4 goblin zombies
  5 hobgoblin zombies (Ossuary)
  15 kobold zombies
  6 orc zombies (Ossuary)
  4 rats
  2 rat zombies (Ossuary)
247 creatures vanquished.

Notes
Turn   | Place    | Note
-------+----------+-------------------------------------------
     0 | D:1      | SanguineChosen the Minotaur Berserker began the quest for
                  | the Orb.
     0 | D:1      | Reached XP level 1. HP: 19/19 MP: 0/0
   332 | D:1      | Reached XP level 2. HP: 26/27 MP: 1/1
   502 | D:1      | Reached skill level 4 in Axes
  1346 | D:2      | Reached XP level 3. HP: 33/33 MP: 2/2
  1352 | D:2      | Reached ** piety under Trog
  1623 | D:2      | Reached XP level 4. HP: 41/41 MP: 3/3
  2284 | D:3      | Reached skill level 5 in Axes
  2357 | D:3      | Reached XP level 5. HP: 47/47 MP: 4/4
  2668 | D:4      | Found Wophiext's Book Boutique.
  2770 | D:4      | Noticed Edmund
  2819 | D:4      | Killed Edmund
  2820 | D:4      | Reached skill level 5 in Fighting
  2820 | D:4      | Reached skill level 6 in Axes
  2820 | D:4      | Reached XP level 6. HP: 32/56 MP: 5/5
  3076 | D:4      | Found a basalt altar of Yredelemnul.
  3108 | D:4      | Reached *** piety under Trog
  3502 | D:5      | Entered Level 5 of the Dungeon
  3591 | D:5      | Reached skill level 7 in Axes
  3662 | D:5      | Reached XP level 7. HP: 53/61 MP: 6/6
  3767 | D:5      | Reached skill level 5 in Armour
  3806 | D:5      | Found the +1 Delatra's gloves {ID++}
  3935 | D:5      | Reached skill level 1 in Evocations
  4028 | D:5      | Reached skill level 8 in Axes
  4129 | D:5      | Found Navasoul's Elemental Accessories.
  4153 | D:5      | Reached XP level 8. HP: 66/70 MP: 7/7
  4477 | D:5      | Reached skill level 9 in Axes
  4808 | D:6      | Noticed a two-headed ogre
  4828 | D:6      | Killed a two-headed ogre
  4829 | D:6      | Reached skill level 10 in Axes
  4833 | D:6      | Reached XP level 9. HP: 75/78 MP: 8/8
  4865 | D:6      | Reached **** piety under Trog
  4924 | D:6      | Found a staircase to the Ecumenical Temple.
  4926 | D:6      | Found a faded altar of an unknown god.
  5004 | D:6      | Found a sand-covered staircase.
  5010 | Ossuary  | Entered an ossuary
  5212 | Ossuary  | Reached skill level 11 in Axes
  5234 | Ossuary  | Reached ***** piety under Trog
  6080 | D:7      | Found a shimmering blue altar of Sif Muna.
  6085 | D:7      | Noticed Pikel
  6527 | D:7      | Killed Pikel
  6528 | D:7      | Reached skill level 12 in Axes
  7760 | D:8      | Reached skill level 13 in Axes
  7905 | D:9      | Found Pegawuco's Book Shoppe.
  7923 | D:9      | Reached XP level 10. HP: 88/88 MP: 9/9
  8178 | D:9      | HP: 1/90 [orc priest/divine providence (13)]
  8356 | D:9      | Noticed an ice statue
  8734 | D:9      | Found a sacrificial altar of Ru.
  8735 | D:9      | Found a glowing golden altar of the Shining One.
  8828 | D:9      | Found a burning altar of Makhleb.
  8874 | D:9      | Found a hazy altar of Hepliaklqana.
  8986 | D:9      | Reached skill level 10 in Armour
  9144 | D:9      | Received a gift from Trog
  9163 | D:9      | Reached skill level 14 in Axes
  9370 | D:9      | Found a staircase to the Lair.
  9531 | D:9      | Identified the +1 robe "Fued" {rN++ Int-5 Dex+4}
  9664 | D:10     | Entered Level 10 of the Dungeon
  9664 | D:10     | Noticed a cyclops
  9664 | D:10     | Noticed a four-headed hydra
  9676 | D:9      | Killed a four-headed hydra
  9677 | D:9      | Reached XP level 11. HP: 54/99 MP: 10/10
  9947 | D:10     | Reached skill level 10 in Fighting
 10185 | D:10     | Noticed Urug
 10205 | D:10     | HP: 1/99 [Urug/+7 glaive (18)]
 10208 | D:10     | Hit by a javelin thrown by Urug

Illustrated notes

Levels and vault maps discovered:
D:1:      dpeg_arrival_rhombus, layout_basic
D:2:      layout_loops_ring
D:3:      layout_basic, palyth_stone_intersect, roderic_lattice_a,
          chequers_serial_rivers_room_b
D:4:      layout_rooms, nicolae_yredelemnul_corpse_copse, serial_shops,
          nicolae_square_shop, hangedman_decor_growths,
          minmay_tree_intersection, corexii_shack, uniq_edmund
D:5:      layout_loops_ring, chequers_serial_rivers_small_a,
          nicolae_elemental_shop, nicolae_fountain_basement
D:6:      layout_loops_cross, nicolae_temple_entry_ecumenical,
          nicolae_ossuary_entry_giza, chequers_serial_rivers_small_b
D:7:      layout_basic, mainiacjoe_overflow_catwalk, hex_medium, uniq_pikel
D:8:      layout_basic
D:9:      lemuel_ice_statue, layout_basic, lightli_temple_of_fire, minitemple,
          mainiacjoe_overflow_surrounded_room, erik_lair_dragon, serial_shops,
          nicolae_take_the_stairs, enter_bailey_2
D:10:     layout_layer_cave, nicolae_two_hexagons, dk_noncrumbling_4, uniq_urug

Skill      XL: |  1  2  3  4  5  6  7  8  9 10 11 |
---------------+----------------------------------+-----
Fighting       | 4 5 6 8 9 10 | 10.0
Axes           | 4 5 6 7 8 10 13 14 | 14.3
Armour         | 3 4 6 7 8 11 | 11.3
Dodging        | 3 4 |  4.5
Evocations     | 1 |  1.0

Action                   |  1- 3 |  4- 6 |  7- 9 | 10-12 || total
-------------------------+-------+-------+-------+-------++-------
Melee: Hand axe          |    82 |   134 |     9 |       ||   225
       Headbutt          |    14 |    19 |    62 |    28 ||   123
       War axe           |       |       |   274 |   137 ||   411
       Punch             |       |       |     3 |     5 ||     8
       Flail             |       |       |       |    22 ||    22
Throw: Dart              |       |       |     1 |     3 ||     4
Invok: Trog's Hand       |       |     2 |     2 |     4 ||     8
Evoke: Wand              |       |     6 |       |       ||     6
  Use: Scroll            |     2 |     7 |     6 |     3 ||    18
       Potion            |       |     1 |     3 |    11 ||    15
Armor: Animal skin       |     2 |       |       |       ||     2
       Chain mail        |    41 |    55 |   156 |    91 ||   343
       Skin              |       |       |       |    17 ||    17
Dodge: Dodged            |    47 |    50 |   113 |    87 ||   297
